ITL
TUSCALOOSA TROUT SLAYERS @ OTSEGO BULLDOGS
09/12/2027
 
TOP OF THE 1ST
Tuscaloosa Trout Slayers batting - Pitching for Otsego Bulldogs : LHP Júlio Gracía
Pitching: LHP Júlio Gracía
Batting: RHB Lowie van den Bogaert 0-0: Ball
1-0: Ball
2-0: Called Strike
2-1: Ball
3-1: Ground out 6-3 (Groundball, 6)
Batting: RHB Pat Fullerton 0-0: Ball
1-0: Ball
2-0: Called Strike
2-1: Ball
3-1: Swinging Strike
3-2: Strikes out swinging
Batting: RHB Ben Morton 0-0: Ball
1-0: Called Strike
1-1: Foul Ball, location: 2F
1-2: Strikes out swinging
Top of the 1st over - 0 run(s), 0 hit(s), 0 error(s), 0 left on base; Tuscaloosa 0 - Otsego 0
BOTTOM OF THE 1ST
Otsego Bulldogs batting - Pitching for Tuscaloosa Trout Slayers : RHP Rafael Ramírez
Pitching: RHP Rafael Ramírez
Batting: RHB Irving Galloway 0-0: Ball
1-0: Called Strike
1-1: SOLO HOME RUN (Flyball, 7D), Distance : 393 ft
Batting: RHB Ryosei Yamamoto 0-0: Ball
1-0: Called Strike
1-1: Ball
2-1: Swinging Strike
2-2: Strikes out swinging
Batting: RHB Jorge Cisneros 0-0: Called Strike
0-1: Foul Ball, location: 2F
0-2: Strikes out swinging
Batting: RHB Ramiro Chávez 0-0: Ball
1-0: Called Strike
1-1: Foul Ball, location: 2F
1-2: Ball
2-2: Strikes out swinging
Bottom of the 1st over - 1 run(s), 1 hit(s), 0 error(s), 0 left on base; Tuscaloosa 0 - Otsego 1
TOP OF THE 2ND
Tuscaloosa Trout Slayers batting - Pitching for Otsego Bulldogs : LHP Júlio Gracía
Batting: LHB António Cedeño 0-0: Called Strike
0-1: Ground out 4-3 (Groundball, 34)
Batting: RHB Shigemasa Ishida 0-0: Ball
1-0: Ball
2-0: Ball
3-0: Called Strike
3-1: Base on Balls
Batting: LHB Marcos Villarreal 0-0: Called Strike
0-1: Foul Ball, location: 2F
0-2: Ball
1-2: Fly out, F7 (Flyball, 7S)
Batting: LHB Ed Hart 0-0: Foul Ball, location: 2F
0-1: Fly out, F7 (Flyball, 7LSF)
Top of the 2nd over - 0 run(s), 0 hit(s), 0 error(s), 1 left on base; Tuscaloosa 0 - Otsego 1
BOTTOM OF THE 2ND
Otsego Bulldogs batting - Pitching for Tuscaloosa Trout Slayers : RHP Rafael Ramírez
Batting: RHB Kyung-bok Cho 0-0: Ball
1-0: Foul Ball, location: 2F
1-1: Ball
2-1: Called Strike
2-2: Foul Ball, location: 2F
2-2: Foul Ball, location: 2F
2-2: Ball
3-2: Base on Balls
Batting: LHB Martin Davis 0-0: Ball
1-0: 2-RUN HOME RUN (Flyball, 9LD), Distance : 340 ft
Batting: RHB Luis Maldonado 0-0: Ball
1-0: Ball
2-0: Ball
3-0: Called Strike
3-1: Swinging Strike
3-2: Strikes out looking
Batting: RHB Carlos Luna 0-0: Called Strike
0-1: Fly out, F8 (Line Drive, 8RD)
Batting: RHB José Martínez 0-0: Ball
1-0: Swinging Strike
1-1: Ball
2-1: Ball
3-1: Foul Ball, location: 2F
3-2: Base on Balls
Batting: RHB Irving Galloway 0-0: Foul Ball, location: 2F
0-1: Ground out 5-3 (Groundball, 5S)
Bottom of the 2nd over - 2 run(s), 1 hit(s), 0 error(s), 1 left on base; Tuscaloosa 0 - Otsego 3
TOP OF THE 3RD
Tuscaloosa Trout Slayers batting - Pitching for Otsego Bulldogs : LHP Júlio Gracía
Batting: RHB Dave Hall 0-0: Ball
1-0: Called Strike
1-1: Swinging Strike
1-2: Foul Ball, location: 2F
1-2: Strikes out swinging
Batting: RHB Tetsunori Ito 0-0: Called Strike
0-1: Called Strike
0-2: Ball
1-2: Ball
2-2: Ball
3-2: Foul Ball, location: 2F
3-2: Ground out 4-3 (Groundball, 4)
Batting: RHB Lowie van den Bogaert 0-0: Ball
1-0: Ball
2-0: Ball
3-0: Base on Balls
Batting: RHB Pat Fullerton 0-0: Ball
1-0: Called Strike
1-1: Ball
2-1: Foul Ball, location: 2F
2-2: Ball
3-2: Base on Balls
Lowie van den Bogaert to second
Batting: RHB Ben Morton 0-0: Called Strike
0-1: Called Strike
0-2: DOUBLE (Groundball, 5L)
Lowie van den Bogaert scores
Pat Fullerton to third
Runner from 3rd tries for Home, SAFE, no throw
Batting: LHB António Cedeño 0-0: Called Strike
0-1: Swinging Strike
0-2: Ball
1-2: Foul Ball, location: 2F
1-2: Ground out 4-3 (Groundball, 4)
Top of the 3rd over - 2 run(s), 1 hit(s), 0 error(s), 1 left on base; Tuscaloosa 2 - Otsego 3
BOTTOM OF THE 3RD
Otsego Bulldogs batting - Pitching for Tuscaloosa Trout Slayers : RHP Rafael Ramírez
Batting: RHB Ryosei Yamamoto 0-0: Called Strike
0-1: Ball
1-1: Ball
2-1: Ball
3-1: Base on Balls
Batting: RHB Jorge Cisneros 0-0: Ball
1-0: Foul Ball, location: 2F
1-1: Called Strike
Ryosei Yamamoto is caught stealing 2nd base
1-2: Strikes out swinging
Batting: RHB Ramiro Chávez 0-0: Called Strike
0-1: Ball
1-1: Ball
2-1: Ground out 6-3 (Groundball, 56)
Bottom of the 3rd over - 0 run(s), 0 hit(s), 0 error(s), 0 left on base; Tuscaloosa 2 - Otsego 3
TOP OF THE 4TH
Tuscaloosa Trout Slayers batting - Pitching for Otsego Bulldogs : LHP Júlio Gracía
Batting: RHB Shigemasa Ishida 0-0: Ball
1-0: Swinging Strike
1-1: Foul Ball, location: 2F
1-2: Foul Ball, location: 2F
1-2: Strikes out swinging
Batting: LHB Marcos Villarreal 0-0: Ball
1-0: Ball
2-0: Ball
3-0: Base on Balls
Batting: LHB Ed Hart 0-0: Called Strike
0-1: Foul Ball, location: 2F
0-2: Ball
1-2: Ball
2-2: Ball
3-2: Strikes out looking
Batting: RHB Dave Hall 0-0: Ball
1-0: Foul Ball, location: 2F
1-1: Foul Ball, location: 2F
1-2: SINGLE (Line Drive, 34)
Marcos Villarreal to second
Runner from 2nd tries for 3rd, SAFE, throw made to third
Batting: RHB Tetsunori Ito 0-0: Foul Ball, location: 2F
0-1: Ball
1-1: Ball
2-1: Foul Ball, location: 2F
2-2: Foul Ball, location: 2F
2-2: Strikes out swinging
Top of the 4th over - 0 run(s), 1 hit(s), 0 error(s), 2 left on base; Tuscaloosa 2 - Otsego 3
BOTTOM OF THE 4TH
Otsego Bulldogs batting - Pitching for Tuscaloosa Trout Slayers : RHP Rafael Ramírez
Batting: RHB Kyung-bok Cho 0-0: Ground out 4-3 (Groundball, 4)
Batting: LHB Martin Davis 0-0: SINGLE (Groundball, 34S) (infield hit)
Batting: RHB Luis Maldonado 0-0: Called Strike
0-1: Called Strike
0-2: Strikes out looking
Batting: RHB Carlos Luna 0-0: SINGLE (Flyball, 4D)
Martin Davis to second
Throwing error, E9
Martin Davis scores
Carlos Luna to second
Batting: RHB José Martínez 0-0: Called Strike
0-1: Fly out, F3 (Flyball, 3D)
Bottom of the 4th over - 1 run(s), 2 hit(s), 1 error(s), 1 left on base; Tuscaloosa 2 - Otsego 4
TOP OF THE 5TH
Tuscaloosa Trout Slayers batting - Pitching for Otsego Bulldogs : LHP Júlio Gracía
Pitching: RHP Carlos Mendoza
Batting: RHB Lowie van den Bogaert 0-0: Foul Ball, location: 2F
0-1: Fly out, F9 (Flyball, 9LS)
Batting: RHB Pat Fullerton 0-0: Called Strike
0-1: Ball
1-1: Foul Ball, location: 2F
1-2: Ball
2-2: Ball
3-2: Base on Balls
Batting: RHB Ben Morton 0-0: Ball
1-0: Ball
2-0: Reached on error, E5 (Groundball, 56S)
Pat Fullerton to second
Batting: LHB António Cedeño 0-0: SINGLE (Flyball, 89S)
Pat Fullerton to third
Ben Morton to second
Runner from 3rd tries for Home, SAFE, throw made home
Batting: RHB Shigemasa Ishida 0-0: Ball
1-0: Foul Ball, location: 2F
1-1: Called Strike
1-2: SINGLE (Line Drive, 56)
Ben Morton to third
António Cedeño to second
Batting: LHB Marcos Villarreal 0-0: Ball
1-0: Ball
2-0: Ball
3-0: Foul Ball, location: 2F
3-1: Foul Ball, location: 2F
3-2: Strikes out looking
Batting: LHB Ed Hart 0-0: Ball
1-0: Ball
2-0: Foul Ball, location: 2F
2-1: Swinging Strike
2-2: Strikes out swinging
Top of the 5th over - 1 run(s), 2 hit(s), 1 error(s), 3 left on base; Tuscaloosa 3 - Otsego 4
BOTTOM OF THE 5TH
Otsego Bulldogs batting - Pitching for Tuscaloosa Trout Slayers : RHP Rafael Ramírez
Batting: RHB Irving Galloway 0-0: Foul Ball, location: 2F
0-1: Ball
1-1: Ball
2-1: Called Strike
2-2: Ball
3-2: Base on Balls
Batting: RHB Ryosei Yamamoto 0-0: Foul Ball, location: 2F
0-1: Swinging Strike
0-2: Foul Ball, location: 2F
0-2: Foul Ball, location: 2F
0-2: Foul Ball, location: 2F
0-2: Strikes out looking
Batting: RHB Jorge Cisneros 0-0: Called Strike
0-1: Called Strike
Irving Galloway is caught stealing 2nd base
0-2: Ball
1-2: Foul Ball, location: 2F
1-2: Ball
2-2: SINGLE (Line Drive, 34D)
Batting: RHB Ramiro Chávez 0-0: Ball
1-0: Ball
2-0: Ground out 1-3 (Groundball, P)
Bottom of the 5th over - 0 run(s), 1 hit(s), 0 error(s), 1 left on base; Tuscaloosa 3 - Otsego 4
TOP OF THE 6TH
Tuscaloosa Trout Slayers batting - Pitching for Otsego Bulldogs : RHP Carlos Mendoza
Batting: RHB Dave Hall 0-0: Fly out, F4 (Popup, 4)
Batting: RHB Tetsunori Ito 0-0: Foul Ball, location: 2F
0-1: Ground out 4-3 (Groundball, 4D)
Batting: RHB Lowie van den Bogaert 0-0: Foul Ball, location: 2F
0-1: Fly out, F7 (Flyball, 78S)
Top of the 6th over - 0 run(s), 0 hit(s), 0 error(s), 0 left on base; Tuscaloosa 3 - Otsego 4
BOTTOM OF THE 6TH
Otsego Bulldogs batting - Pitching for Tuscaloosa Trout Slayers : RHP Rafael Ramírez
Batting: RHB Kyung-bok Cho 0-0: Called Strike
0-1: Ground out 5-3 (Groundball, 56S)
Batting: LHB Martin Davis 0-0: Swinging Strike
0-1: Ball
1-1: Ball
2-1: Ball
3-1: Base on Balls
Batting: RHB Luis Maldonado 0-0: Called Strike
0-1: Swinging Strike
0-2: Ball
1-2: Foul Ball, location: 2F
1-2: Strikes out swinging
Batting: RHB Carlos Luna 0-0: Ball
1-0: Fielders Choice at 2nd, 6-4 (Groundball, 6)
Bottom of the 6th over - 0 run(s), 0 hit(s), 0 error(s), 0 left on base; Tuscaloosa 3 - Otsego 4
TOP OF THE 7TH
Tuscaloosa Trout Slayers batting - Pitching for Otsego Bulldogs : RHP Carlos Mendoza
Batting: RHB Pat Fullerton 0-0: Foul Ball, location: 2F
0-1: Ball
1-1: Foul Ball, location: 2F
1-2: SOLO HOME RUN (Line Drive, 78XD), Distance : 415 ft
Pitching: RHP Artie Downing
Batting: RHB Ben Morton 0-0: Ball
1-0: DOUBLE (Line Drive, 8LXD)
Batting: LHB António Cedeño 0-0: Intentional Walk
Pinch Hitting: LHB Miguel Rosa 0-0: Called Strike
0-1: Hit by Pitch
Ben Morton to third
António Cedeño to second
Batting: LHB Marcos Villarreal 0-0: Fly out, F8 (Line Drive, 8LM)
Batting: LHB Ed Hart 0-0: Reached on error, E6 (Groundball, 6)
Ben Morton scores
António Cedeño to third
Miguel Rosa to second
Pinch Hitting: RHB José Fernández 0-0: Called Strike
0-1: Ball
1-1: Ball
2-1: Foul Ball, location: 2F
2-2: Strikes out swinging
Batting: RHB Tetsunori Ito 0-0: Hit by Pitch
António Cedeño scores
Miguel Rosa to third
Ed Hart to second
Pinch Runner at 1st José Ortega:
Batting: RHB Lowie van den Bogaert 0-0: Ball
1-0: Called Strike
1-1: Swinging Strike
1-2: Strikes out looking
Top of the 7th over - 3 run(s), 2 hit(s), 1 error(s), 3 left on base; Tuscaloosa 6 - Otsego 4
BOTTOM OF THE 7TH
Otsego Bulldogs batting - Pitching for Tuscaloosa Trout Slayers : RHP Rafael Ramírez
Now at 2B: José Fernández
Now at 3B: César Reyes
Now at SS: José Ortega
Batting: RHB José Martínez 0-0: Foul Ball, location: 2F
0-1: Swinging Strike
0-2: Strikes out swinging
Pitching: LHP Aaron Gibbs
Batting: RHB Irving Galloway 0-0: Called Strike
0-1: Fly out, F6 (Popup, 56D)
Batting: RHB Ryosei Yamamoto 0-0: Ball
1-0: Ball
2-0: Foul Ball, location: 2F
2-1: Fly out, F4 (Popup, 4M)
Bottom of the 7th over - 0 run(s), 0 hit(s), 0 error(s), 0 left on base; Tuscaloosa 6 - Otsego 4
TOP OF THE 8TH
Tuscaloosa Trout Slayers batting - Pitching for Otsego Bulldogs : RHP Artie Downing
Batting: RHB Pat Fullerton 0-0: Ball
1-0: Called Strike
1-1: Foul Ball, location: 2F
1-2: Ball
2-2: Foul Ball, location: 2F
2-2: Foul Ball, location: 2F
2-2: Ball
3-2: Ground out 4-3 (Groundball, 4S)
Batting: RHB Ben Morton 0-0: Ball
1-0: Called Strike
1-1: Ball
2-1: Fly out, F8 (Line Drive, 8RM)
Batting: LHB António Cedeño 0-0: Foul Ball, location: 2F
0-1: Ball
1-1: DOUBLE (Flyball, 9D)
Batting: RHB César Reyes 0-0: Foul Ball, location: 2F
0-1: Ground out 6-3 (Groundball, 6)
Top of the 8th over - 0 run(s), 1 hit(s), 0 error(s), 1 left on base; Tuscaloosa 6 - Otsego 4
BOTTOM OF THE 8TH
Otsego Bulldogs batting - Pitching for Tuscaloosa Trout Slayers : LHP Aaron Gibbs
Batting: RHB Jorge Cisneros 0-0: SINGLE (Line Drive, 6M)
Pitching: RHP Ronald Adams
Batting: RHB Ramiro Chávez 0-0: Ball
1-0: Ball
2-0: Ball
3-0: Called Strike
3-1: Grounds into double play, 5-4-3 (Groundball, 5)
Batting: RHB Kyung-bok Cho 0-0: Ball
1-0: Ball
2-0: Ball
3-0: Called Strike
3-1: Base on Balls
Pitching: LHP Luis López
Batting: LHB Martin Davis 0-0: Called Strike
0-1: Fly out, F7 (Flyball, 7S)
Bottom of the 8th over - 0 run(s), 1 hit(s), 0 error(s), 1 left on base; Tuscaloosa 6 - Otsego 4
TOP OF THE 9TH
Tuscaloosa Trout Slayers batting - Pitching for Otsego Bulldogs : RHP Artie Downing
Batting: LHB Marcos Villarreal 0-0: Ball
1-0: Ball
2-0: Ball
3-0: Called Strike
3-1: Called Strike
3-2: Fly out, F7 (Flyball, 7)
Batting: LHB Ed Hart 0-0: Ball
1-0: Foul Ball, location: 2F
1-1: Called Strike
1-2: Foul Ball, location: 2F
1-2: Foul Ball, location: 2F
1-2: Ball
2-2: Foul Ball, location: 2F
2-2: DOUBLE (Line Drive, 7LM)
Batting: RHB José Fernández 0-0: Intentional Walk
Pitching: RHP Ricardo Trujillo
Batting: RHB José Ortega 0-0: Called Strike
0-1: Foul Ball, location: 2F
0-2: Ball
1-2: Foul Ball, location: 2F
1-2: Foul Ball, location: 2F
1-2: Strikes out swinging
Pinch Hitting: RHB Satoru Daikawa 0-0: Ball
1-0: Foul Ball, location: 2F
1-1: Ball
2-1: Called Strike
2-2: Foul Ball, location: 2F
2-2: Foul Ball, location: 2F
2-2: Strikes out swinging
Top of the 9th over - 0 run(s), 1 hit(s), 0 error(s), 2 left on base; Tuscaloosa 6 - Otsego 4
BOTTOM OF THE 9TH
Otsego Bulldogs batting - Pitching for Tuscaloosa Trout Slayers : LHP Luis López
Pitching: RHP Jesús Ramos
Now in RF: Kurt Walter
Batting: RHB Luis Maldonado 0-0: Ball
1-0: Foul Ball, location: 2F
1-1: Fly out, F9 (Flyball, 89D)
Batting: RHB Carlos Luna 0-0: Ball
1-0: Foul Ball, location: 2F
1-1: Foul Ball, location: 2F
1-2: Foul Ball, location: 2F
1-2: Ball
2-2: Ball
3-2: Strikes out swinging
Batting: RHB José Martínez 0-0: Ball
1-0: Ball
2-0: Ground out 5-3 (Groundball, 56)
Bottom of the 9th over - 0 run(s), 0 hit(s), 0 error(s), 0 left on base; Tuscaloosa 6 - Otsego 4
Thursday, March 30th, 2017 - OOTP Baseball 17.12 Build 75